General information
- name: BNet
- type: Ladder team game (AT/RT)
- host: Battle.net
- saver: GodsMaverick
map: TwilightRuins
- players: 8
- length: 44:25
- speed: Fast
- version: 1.26 W3XP
- replay type: Public
» download(267 KB)
Players
team 1 (winner)
NO_HWAY (
pink | 110 APM | 3641 actions | 33:02)
6 Paladin
2 Holy Light
3 Divine Shield
1 Resurrection
8 Mountain King
3 Storm Bolt
3 Bash
1 Avatar
1 Thunder Clap
» actions
| Assign group hotkey | 31 | |
| Basic commands | 24 | |
| Build / train | 105 | |
| Enter build submenu | 24 | |
| Enter hero's abilities submenu | 15 | |
| Give item / drop item | 5 | |
| Remove unit from queue | 7 | |
| Right click | 1947 | |
| Select / deselect | 456 | |
| Select group hotkey | 883 | |
| Use ability | 144 | |
3641 total
» units
» upgrades
| Gunpowder | 2 | |
| Armor | 2 | |
| Lumber Harvesting | 1 | |
| Long Rifles | 1 | |
| Masonry | 1 | |
| Flak Cannons | 1 | |
8 total
» buildings
| Blacksmith | 1 | |
| Farm | 7 | |
| Barracks | 2 | |
| Altar of Kings | 1 | |
| Scout Tower | 7 | |
| Arcane Tower | 6 | |
| Lumber Mill | 1 | |
| Guard Tower | 1 | |
| Keep | 1 | |
| Arcane Vault | 1 | |
| Castle | 1 | |
| Workshop | 2 | |
31 total
» build order
00:58 Blacksmith
01:06 Farm
01:10 Barracks
01:12 Farm
01:15 Altar of Kings
01:55 Farm
02:10 Scout Tower
02:47 Arcane Tower
02:48 Arcane Tower
03:09 Farm
03:50 Farm
04:08 Lumber Mill
04:10 Scout Tower
04:39 Guard Tower
04:51 Keep
05:07 Arcane Vault
06:54 Farm
08:08 Farm
13:08 Castle
13:24 Barracks
22:11 Workshop
22:12 Workshop
22:17 Scout Tower
22:18 Scout Tower
22:19 Scout Tower
22:24 Scout Tower
22:29 Scout Tower
22:52 Arcane Tower
23:16 Arcane Tower
25:31 Arcane Tower
» items
| Scroll of Town Portal | 9 | |
| Scroll of Regeneration | 3 | |
| Boots of Speed | 2 | |
| Circlet of Nobility | 2 | |
| Scroll of Healing | 2 | |
| Scroll of Protection | 1 | |
| Dust of Appearance | 1 | |
| Orb of Fire | 1 | |
21 total

»
nahkev (
blue | 89 APM | 3862 actions | 43:14)
9 Archmage
3 Summon Water Elemental
3 Brilliance Aura
1 Mass Teleport
2 Blizzard
» actions
| Assign group hotkey | 44 | |
| Build / train | 151 | |
| Enter build submenu | 59 | |
| Enter hero's abilities submenu | 13 | |
| Give item / drop item | 2 | |
| Remove unit from queue | 8 | |
| Right click | 2372 | |
| Select / deselect | 556 | |
| Select group hotkey | 553 | |
| Use ability | 103 | |
3862 total
» units
| Peasant | 21 | |
| Footman | 7 | |
| Knight | 10 | |
| Priest | 4 | |
| Sorceress | 2 | |
| Rifleman | 28 | |
| Flying Machine | 15 | |
87 total
» upgrades
| Lumber Harvesting | 3 | |
| Priest Training | 2 | |
| Sorceress Training | 2 | |
| Animal War Training | 1 | |
| Swords | 2 | |
| Plating | 2 | |
| Long Rifles | 2 | |
| Gunpowder | 4 | |
| Armor | 3 | |
| Flying Machine Bombs | 1 | |
22 total
» buildings
| Altar of Kings | 2 | |
| Farm | 23 | |
| Barracks | 3 | |
| Lumber Mill | 1 | |
| Scout Tower | 15 | |
| Blacksmith | 1 | |
| Arcane Tower | 2 | |
| Keep | 1 | |
| Arcane Vault | 1 | |
| Town Hall | 3 | |
| Castle | 2 | |
| Arcane Sanctum | 3 | |
| Guard Tower | 6 | |
| Workshop | 1 | |
64 total
» build order
00:06 Altar of Kings
00:08 Farm
00:42 Barracks
01:08 Farm
01:11 Farm
01:53 Lumber Mill
02:00 Farm
02:47 Scout Tower
03:24 Blacksmith
03:25 Arcane Tower
03:46 Farm
04:32 Farm
04:34 Keep
04:46 Arcane Vault
05:12 Farm
05:28 Farm
06:55 Town Hall
07:08 Barracks
08:16 Castle
08:27 Barracks
08:44 Arcane Sanctum
08:48 Arcane Sanctum
09:04 Arcane Sanctum
09:46 Farm
09:56 Scout Tower
09:59 Scout Tower
10:01 Scout Tower
10:17 Castle
10:24 Farm
10:27 Farm
10:29 Guard Tower
10:32 Scout Tower
10:35 Scout Tower
10:37 Scout Tower
10:42 Farm
11:09 Guard Tower
11:12 Scout Tower
11:14 Scout Tower
11:16 Scout Tower
11:27 Farm
11:43 Farm
12:10 Guard Tower
12:12 Scout Tower
12:14 Farm
12:17 Scout Tower
12:34 Farm
12:37 Farm
12:41 Guard Tower
12:44 Farm
13:04 Farm
13:24 Guard Tower
13:28 Scout Tower
13:30 Scout Tower
14:06 Arcane Tower
16:44 Town Hall
16:46 Scout Tower
17:40 Guard Tower
19:56 Workshop
20:41 Farm
20:44 Farm
20:45 Farm
20:47 Farm
32:48 Town Hall
42:52 Altar of Kings
» items
| Scroll of Town Portal | 4 | |
| Scroll of Regeneration | 1 | |
| Orb of Fire | 1 | |
| Periapt of Vitality | 1 | |
7 total
GodsMaverick (
yellow | 55 APM | 2437 actions | 44:25)
10 Archmage
3 Summon Water Elemental
3 Brilliance Aura
1 Mass Teleport
3 Blizzard
» actions
| Assign group hotkey | 73 | |
| Basic commands | 138 | |
| Build / train | 94 | |
| Enter build submenu | 63 | |
| Enter hero's abilities submenu | 10 | |
| Give item / drop item | 6 | |
| Right click | 741 | |
| Select / deselect | 434 | |
| Select group hotkey | 659 | |
| Use ability | 219 | |
2437 total
» units
| Peasant | 13 | |
| Footman | 6 | |
| Goblin Shredder | 3 | |
| Gryphon Rider | 11 | |
| Dragonhawk Rider | 4 | |
37 total
» upgrades
| Masonry | 3 | |
| Swords | 3 | |
| Armor | 3 | |
| Animal War Training | 1 | |
| Cloud | 1 | |
| Storm Hammers | 1 | |
| Lumber Harvesting | 1 | |
13 total
» buildings
| Altar of Kings | 1 | |
| Barracks | 1 | |
| Farm | 12 | |
| Arcane Vault | 2 | |
| Keep | 1 | |
| Lumber Mill | 1 | |
| Town Hall | 4 | |
| Scout Tower | 35 | |
| Castle | 1 | |
| Guard Tower | 9 | |
| Blacksmith | 2 | |
| Gryphon Aviary | 4 | |
73 total
» build order
00:37 Altar of Kings
00:38 Barracks
00:53 Farm
01:05 Farm
01:07 Farm
01:46 Farm
03:07 Arcane Vault
03:55 Keep
04:46 Farm
04:49 Lumber Mill
05:00 Town Hall
05:03 Scout Tower
05:04 Scout Tower
05:04 Scout Tower
05:05 Scout Tower
06:53 Castle
06:57 Guard Tower
07:50 Farm
07:57 Scout Tower
07:59 Scout Tower
08:02 Scout Tower
09:44 Guard Tower
10:11 Blacksmith
10:14 Blacksmith
10:23 Gryphon Aviary
10:23 Gryphon Aviary
10:23 Gryphon Aviary
10:24 Gryphon Aviary
14:55 Scout Tower
14:56 Scout Tower
14:57 Scout Tower
14:57 Scout Tower
14:59 Scout Tower
15:00 Scout Tower
15:01 Scout Tower
16:35 Guard Tower
16:40 Scout Tower
16:40 Scout Tower
16:46 Arcane Vault
17:02 Scout Tower
17:02 Scout Tower
17:03 Scout Tower
17:03 Scout Tower
17:03 Scout Tower
17:12 Scout Tower
17:12 Scout Tower
17:12 Scout Tower
17:13 Scout Tower
17:14 Scout Tower
17:59 Guard Tower
18:18 Guard Tower
18:22 Scout Tower
18:22 Scout Tower
18:22 Scout Tower
18:23 Scout Tower
18:43 Guard Tower
19:38 Town Hall
19:42 Scout Tower
19:42 Scout Tower
19:42 Scout Tower
19:43 Scout Tower
19:45 Scout Tower
19:59 Guard Tower
21:02 Farm
21:02 Farm
21:06 Farm
21:08 Farm
21:11 Guard Tower
21:13 Farm
21:15 Farm
22:19 Guard Tower
26:23 Town Hall
40:55 Town Hall
» items
| Scroll of Regeneration | 9 | |
| Scroll of Healing | 1 | |
| Scroll of Town Portal | 3 | |
| Periapt of Vitality | 5 | |
| Staff of Teleportation | 1 | |
| Potion of Lesser Invulnerability | 1 | |
| Potion of Healing | 2 | |
22 total
2racks (
purple | 34 APM | 292 actions | 08:31)
2 Firelord
1 Summon Lava Spawn
1 Soul Burn
» actions
| Build / train | 22 | |
| Enter build submenu | 13 | |
| Enter hero's abilities submenu | 2 | |
| Right click | 153 | |
| Select / deselect | 81 | |
| Use ability | 21 | |
292 total
» units
» upgrades
» buildings
| Lumber Mill | 1 | |
| Farm | 3 | |
| Altar of Kings | 1 | |
| Blacksmith | 1 | |
| Arcane Vault | 2 | |
| Town Hall | 1 | |
| Scout Tower | 1 | |
| Keep | 1 | |
| Arcane Tower | 1 | |
| Barracks | 1 | |
13 total
» build order
00:07 Lumber Mill
00:12 Farm
00:21 Altar of Kings
00:53 Blacksmith
01:27 Farm
02:10 Arcane Vault
03:17 Farm
05:32 Arcane Vault
05:35 Town Hall
05:37 Scout Tower
05:44 Keep
06:15 Arcane Tower
07:29 Barracks
» items
| Scroll of Regeneration | 2 | |
| Lesser Clarity Potion | 2 | |
4 total
team 2 (loser)
tribune (
green | 66 APM | 1995 actions | 30:11)
3 Paladin
2 Holy Light
1 Divine Shield
6 Priestess of the Moon
3 Trueshot Aura
2 Searing Arrows
1 Starfall
4 Mountain King
2 Storm Bolt
2 Bash
» actions
| Assign group hotkey | 36 | |
| Basic commands | 65 | |
| Build / train | 120 | |
| Enter build submenu | 42 | |
| Enter hero's abilities submenu | 12 | |
| Remove unit from queue | 5 | |
| Right click | 490 | |
| Select / deselect | 507 | |
| Select group hotkey | 632 | |
| Use ability | 84 | |
1995 total
» units
| Peasant | 8 | |
| Wisp | 13 | |
| Footman | 7 | |
| Archer | 14 | |
| Hippogryph | 11 | |
| Knight | 4 | |
| Chimaera | 6 | |
63 total
» upgrades
| Defend | 1 | |
| Lumber Harvesting | 2 | |
| Swords | 3 | |
| Plating | 3 | |
| Improved Bows | 0 | |
| Strength of the Moon | 2 | |
| Moon Armor | 2 | |
| Hippogryph Taming | 1 | |
| Animal War Training | 1 | |
| Masonry | 1 | |
| Strength of the Wild | 2 | |
| Reinforced Hides | 2 | |
| Well Spring | 1 | |
| Corrosive Breath | 1 | |
22 total
» buildings
| Altar of Kings | 1 | |
| Farm | 9 | |
| Altar of Elders | 1 | |
| Moon Well | 8 | |
| Barracks | 2 | |
| Lumber Mill | 1 | |
| Ancient of War | 1 | |
| Hunter's Hall | 1 | |
| Ancient of Wonders | 1 | |
| Blacksmith | 1 | |
| Keep | 1 | |
| Ancient Protector | 1 | |
| Arcane Vault | 1 | |
| Tree of Ages | 1 | |
| Castle | 1 | |
| Ancient of Wind | 2 | |
| Tree of Eternity | 1 | |
| Scout Tower | 2 | |
| Guard Tower | 2 | |
| Town Hall | 1 | |
| Chimaera Roost | 3 | |
| Tree of Life | 1 | |
43 total
» build order
00:18 Altar of Kings
00:23 Farm
00:41 Altar of Elders
00:43 Moon Well
01:03 Barracks
01:08 Lumber Mill
01:35 Ancient of War
01:41 Moon Well
01:50 Farm
02:07 Moon Well
02:15 Farm
02:38 Farm
02:54 Moon Well
03:08 Hunter's Hall
03:20 Farm
03:47 Ancient of Wonders
04:18 Blacksmith
04:24 Keep
04:42 Ancient Protector
05:04 Arcane Vault
05:15 Tree of Ages
07:11 Castle
07:14 Barracks
07:36 Farm
07:39 Farm
07:58 Ancient of Wind
08:38 Ancient of Wind
09:19 Farm
10:08 Moon Well
10:09 Tree of Eternity
10:12 Scout Tower
10:37 Moon Well
10:45 Scout Tower
10:47 Guard Tower
11:53 Guard Tower
11:58 Town Hall
13:40 Chimaera Roost
14:15 Chimaera Roost
14:19 Chimaera Roost
17:25 Moon Well
18:32 Moon Well
22:34 Farm
26:45 Tree of Life
» items
| Scroll of Town Portal | 3 | |
| Scroll of Regeneration | 3 | |
| Anti-magic Potion | 1 | |
| Potion of Healing | 1 | |
8 total
dixie_wrecked (
red | 16 APM | 330 actions | 20:40)
4 Shadow Hunter
2 Healing Wave
1 Hex
1 Serpent Ward
» actions
| Build / train | 44 | |
| Enter build submenu | 16 | |
| Enter hero's abilities submenu | 4 | |
| Give item / drop item | 1 | |
| Right click | 107 | |
| Select / deselect | 121 | |
| Use ability | 37 | |
330 total
» units
| Peon | 12 | |
| Wind Rider | 16 | |
| Troll Batrider | 1 | |
29 total
» upgrades
| Ranged Weapons | 2 | |
| Armor | 2 | |
| Envenomed Spears | 1 | |
5 total
» buildings
| Orc Burrow | 6 | |
| Altar of Storms | 1 | |
| Stronghold | 1 | |
| War Mill | 1 | |
| Voodoo Lounge | 1 | |
| Watch Tower | 2 | |
| Beastiary | 2 | |
| Fortress | 1 | |
| Great Hall | 1 | |
16 total
» build order
00:05 Orc Burrow
00:08 Altar of Storms
01:48 Stronghold
02:04 War Mill
02:37 Orc Burrow
02:43 Voodoo Lounge
03:25 Watch Tower
03:34 Watch Tower
04:29 Beastiary
04:46 Orc Burrow
08:52 Orc Burrow
08:55 Orc Burrow
10:14 Fortress
11:53 Orc Burrow
14:50 Great Hall
16:31 Beastiary
» items
| Potion of Healing | 1 | |
| Potion of Mana | 1 | |
| Potion of Invulnerability | 1 | |
3 total
Ashurbanipal (
orange | 113 APM | 5027 actions | 44:22)
10 Pit Lord
3 Rain of Fire
3 Howl of Terror
1 Doom
3 Cleaving Attack
» actions
| Assign group hotkey | 99 | |
| Basic commands | 126 | |
| Build / train | 310 | |
| ESC pressed | 30 | |
| Enter build submenu | 146 | |
| Enter hero's abilities submenu | 10 | |
| Give item / drop item | 25 | |
| Right click | 1546 | |
| Select / deselect | 703 | |
| Select group hotkey | 1633 | |
| Use ability | 399 | |
5027 total
» units
| Peasant | 24 | |
| Footman | 10 | |
| Goblin Shredder | 5 | |
| Sorceress | 2 | |
| Gryphon Rider | 18 | |
59 total
» upgrades
| Swords | 3 | |
| Defend | 1 | |
| Masonry | 3 | |
| Lumber Harvesting | 3 | |
| Armor | 3 | |
| Animal War Training | 1 | |
| Sorceress Training | 1 | |
| Magic Sentry | 1 | |
| Storm Hammers | 1 | |
| Cloud | 1 | |
| Plating | 3 | |
| Gunpowder | 3 | |
| Backpack | 1 | |
25 total
» buildings
| Altar of Kings | 2 | |
| Barracks | 2 | |
| Farm | 15 | |
| Arcane Vault | 1 | |
| Lumber Mill | 1 | |
| Blacksmith | 1 | |
| Town Hall | 3 | |
| Scout Tower | 113 | |
| Arcane Tower | 7 | |
| Keep | 4 | |
| Guard Tower | 138 | |
| Castle | 3 | |
| Arcane Sanctum | 1 | |
| Gryphon Aviary | 11 | |
302 total
» build order
00:09 Altar of Kings
00:10 Barracks
00:13 Barracks
00:22 Farm
00:39 Farm
01:46 Arcane Vault
03:08 Farm
03:33 Lumber Mill
03:49 Farm
04:18 Blacksmith
04:26 Town Hall
04:29 Scout Tower
05:06 Arcane Tower
05:56 Keep
05:57 Keep
05:57 Keep
06:55 Scout Tower
06:57 Scout Tower
06:59 Scout Tower
07:00 Scout Tower
07:02 Scout Tower
07:24 Guard Tower
08:13 Farm
08:16 Guard Tower
08:16 Guard Tower
08:30 Guard Tower
08:42 Guard Tower
08:42 Guard Tower
09:32 Castle
09:32 Castle
09:36 Scout Tower
09:38 Scout Tower
09:39 Scout Tower
09:41 Scout Tower
09:43 Scout Tower
09:44 Scout Tower
09:47 Scout Tower
10:24 Guard Tower
10:46 Scout Tower
10:49 Scout Tower
10:50 Scout Tower
10:51 Scout Tower
10:55 Scout Tower
10:58 Scout Tower
11:03 Scout Tower
11:21 Guard Tower
11:22 Guard Tower
11:22 Guard Tower
11:22 Guard Tower
11:22 Guard Tower
11:23 Guard Tower
11:38 Guard Tower
11:38 Guard Tower
11:50 Guard Tower
12:28 Scout Tower
12:30 Scout Tower
12:31 Scout Tower
12:33 Scout Tower
12:34 Scout Tower
13:05 Guard Tower
13:05 Guard Tower
13:06 Guard Tower
13:06 Guard Tower
13:09 Town Hall
13:11 Scout Tower
13:13 Scout Tower
13:14 Scout Tower
13:15 Scout Tower
13:17 Scout Tower
13:19 Scout Tower
13:22 Scout Tower
13:23 Scout Tower
13:31 Scout Tower
13:32 Scout Tower
13:33 Scout Tower
13:35 Scout Tower
13:36 Scout Tower
13:42 Scout Tower
13:59 Arcane Sanctum
14:18 Guard Tower
14:19 Guard Tower
14:19 Guard Tower
14:19 Guard Tower
14:20 Guard Tower
14:20 Guard Tower
14:20 Arcane Tower
14:20 Arcane Tower
14:22 Guard Tower
14:23 Guard Tower
14:23 Guard Tower
14:26 Guard Tower
14:26 Guard Tower
14:26 Guard Tower
14:28 Guard Tower
14:29 Guard Tower
14:51 Guard Tower
14:51 Guard Tower
14:55 Guard Tower
14:55 Guard Tower
14:55 Guard Tower
15:15 Guard Tower
15:15 Guard Tower
15:52 Scout Tower
15:53 Scout Tower
15:54 Scout Tower
15:57 Scout Tower
16:37 Scout Tower
16:38 Scout Tower
16:39 Scout Tower
16:40 Scout Tower
16:41 Scout Tower
16:55 Gryphon Aviary
16:57 Gryphon Aviary
17:17 Guard Tower
17:20 Guard Tower
17:20 Arcane Tower
17:20 Guard Tower
17:21 Guard Tower
17:21 Guard Tower
17:21 Guard Tower
17:22 Guard Tower
17:22 Guard Tower
17:25 Scout Tower
18:12 Guard Tower
18:12 Guard Tower
18:12 Guard Tower
18:13 Guard Tower
18:49 Gryphon Aviary
19:27 Gryphon Aviary
20:26 Farm
20:27 Farm
20:29 Farm
20:30 Farm
21:13 Scout Tower
21:14 Scout Tower
21:18 Scout Tower
21:19 Scout Tower
21:35 Scout Tower
21:36 Scout Tower
21:37 Scout Tower
21:37 Scout Tower
21:38 Scout Tower
21:39 Scout Tower
21:42 Scout Tower
21:46 Guard Tower
21:47 Guard Tower
21:47 Guard Tower
21:47 Guard Tower
22:57 Guard Tower
22:57 Guard Tower
22:58 Guard Tower
26:10 Scout Tower
26:11 Scout Tower
26:11 Scout Tower
26:12 Scout Tower
27:01 Guard Tower
27:01 Guard Tower
27:01 Guard Tower
28:07 Altar of Kings
28:21 Gryphon Aviary
28:23 Gryphon Aviary
28:24 Gryphon Aviary
28:25 Gryphon Aviary
28:36 Gryphon Aviary
28:37 Gryphon Aviary
28:39 Gryphon Aviary
29:28 Scout Tower
29:40 Scout Tower
29:42 Scout Tower
29:43 Scout Tower
29:45 Scout Tower
29:46 Scout Tower
29:48 Scout Tower
29:49 Scout Tower
30:18 Scout Tower
30:19 Scout Tower
30:20 Scout Tower
30:22 Scout Tower
30:41 Scout Tower
30:43 Scout Tower
30:45 Scout Tower
30:48 Guard Tower
30:48 Scout Tower
30:51 Scout Tower
30:53 Scout Tower
30:55 Scout Tower
30:56 Guard Tower
30:56 Guard Tower
30:59 Scout Tower
31:03 Scout Tower
31:09 Guard Tower
31:09 Guard Tower
31:18 Guard Tower
31:19 Guard Tower
31:19 Guard Tower
31:21 Guard Tower
31:21 Guard Tower
31:28 Guard Tower
31:28 Guard Tower
31:29 Guard Tower
31:31 Scout Tower
31:32 Scout Tower
31:33 Scout Tower
31:34 Scout Tower
31:34 Scout Tower
31:36 Scout Tower
31:37 Scout Tower
31:38 Scout Tower
31:39 Scout Tower
31:39 Scout Tower
31:45 Guard Tower
31:46 Guard Tower
32:07 Guard Tower
32:07 Guard Tower
32:08 Guard Tower
32:09 Guard Tower
32:09 Guard Tower
32:10 Guard Tower
32:19 Scout Tower
32:20 Scout Tower
32:21 Scout Tower
32:22 Scout Tower
32:23 Scout Tower
33:24 Guard Tower
33:48 Guard Tower
33:48 Guard Tower
33:50 Guard Tower
33:50 Guard Tower
35:16 Farm
35:16 Farm
35:17 Farm
35:18 Farm
35:18 Farm
35:19 Farm
37:37 Town Hall
37:40 Scout Tower
37:41 Scout Tower
37:42 Scout Tower
37:43 Scout Tower
37:50 Scout Tower
37:52 Scout Tower
37:53 Scout Tower
37:55 Scout Tower
37:58 Scout Tower
38:00 Scout Tower
38:02 Scout Tower
38:04 Scout Tower
38:26 Guard Tower
38:27 Guard Tower
38:27 Guard Tower
38:39 Guard Tower
38:39 Guard Tower
38:39 Guard Tower
39:41 Guard Tower
39:43 Scout Tower
40:11 Arcane Tower
40:11 Arcane Tower
» items
| Boots of Speed | 1 | |
| Staff of Teleportation | 1 | |
| Scroll of Regeneration | 11 | |
| Sentry Wards | 1 | |
| Lesser Clarity Potion | 8 | |
| Orb of Fire | 1 | |
| Potion of Invisibility | 3 | |
| Potion of Mana | 4 | |
| Scroll of Town Portal | 3 | |
| Potion of Healing | 3 | |
| Ivory Tower | 3 | |
| Pendant of Energy | 1 | |
40 total
Chat log
(00:13 / All) GodsMaverick: soft hearted faggot
(00:24 / All) GodsMaverick: Unlike me, I have a lion's heart
(00:28 / All) GodsMaverick: Hear me roar, motherfuckers
(00:40 / All) dixie_wrecked: i have a snoop lion heart
(00:46 / All) Ashurbanipal:
(00:52 / All) Ashurbanipal:
(01:05 / All) Ashurbanipal: THE KING INTENDS TO SLAY THEM
(01:09 / All) Ashurbanipal: AN EASY TASK FOR SUCH A MIGHTY MAN!
(01:26 / All) Ashurbanipal: Ro roscuit lama-sa
(01:29 / All) dixie_wrecked: youre penis is showing....
(01:43 / Allies) nahkev: footrush?
(02:06 / Allies) GodsMaverick: Heavens to betsy, no darling
(02:09 / Allies) GodsMaverick: I'm cc
(02:38 / All) GodsMaverick: I fucked my hall/barracks rallies lol
(03:24 / All) Ashurbanipal: Well that was a big fucking waste of time for a fight
(06:25 / Allies) 2racks: shit
(06:25 / Allies) nahkev: CCOME
(06:37 / Allies) 2racks: ima miltia tp
(08:31 / All) Ashurbanipal: 2racks1modem?
(08:33 / Allies) NO_HWAY: who got
(11:59 / Allies) NO_HWAY: FIGHT
(12:21 / All) GodsMaverick: COWARD
(12:28 / Allies) nahkev: i was using purp
(12:45 / All) GodsMaverick: CANNON TO THE LEFT OF ME
(14:18 / Allies) NO_HWAY: HE took my mine
(14:33 / Allies) GodsMaverick: soft base
(15:20 / Allies) nahkev: we need sige
(15:21 / Allies) nahkev: seige
(15:24 / Allies) nahkev: who got tanks
(15:27 / Allies) GodsMaverick: back
(15:35 / Allies) GodsMaverick: you're just wasting units
(17:20 / Allies) nahkev: pink
(17:21 / Allies) nahkev: GET UNITS
(17:22 / Allies) nahkev: GET SEIGE
(17:25 / Allies) nahkev: DO SOMETHING
(18:25 / Allies) NO_HWAY: goldm plz
(18:34 / Allies) NO_HWAY: gold
(18:35 / Allies) NO_HWAY: gold
(18:43 / Allies) NO_HWAY: ty
(19:34 / All) dixie_wrecked: this might be the worst team ever
(19:41 / All) Ashurbanipal: I did more than you all game with a pitlord
(20:07 / All) dixie_wrecked: nobody is worried about your pitlord retard
(20:13 / All) NO_HWAY: lol
(20:14 / All) Ashurbanipal: Yeah and not your base either
(20:55 / Allies) NO_HWAY: lol
(20:56 / All) Ashurbanipal: lucky bash
(21:05 / Allies) NO_HWAY: gtfo
(21:42 / Allies) GodsMaverick: back up I get dhawks
(24:28 / All) GodsMaverick: dinner bell
(28:07 / Allies) nahkev: wtf
(28:10 / Allies) nahkev: yellow
(28:12 / Allies) GodsMaverick: what
(28:58 / Allies) nahkev: stop fag
(29:00 / Allies) GodsMaverick: k
(30:16 / All) Ashurbanipal: Of course I tower everywhere but my main
(30:32 / Allies) NO_HWAY: yellow cut it out plz
(30:36 / Allies) GodsMaverick: kill teal
(31:47 / Allies) NO_HWAY: what the fuck
(31:59 / Allies) GodsMaverick: what the fuck are you two dweebs bitchign about
(32:07 / Allies) NO_HWAY: you know what idiot
(32:12 / Allies) GodsMaverick: Take it bck
(32:13 / Allies) nahkev: cause ur a lil bitch
(32:33 / Allies) NO_HWAY: kill the enemy douchebah
(32:46 / All) GodsMaverick: Orange are you my enemy, do you mean me harm?
(33:48 / All) nahkev: ok just leave
(33:51 / All) nahkev: oj
(33:52 / All) Ashurbanipal: Why?
(33:56 / All) Ashurbanipal: The game seems to be going well for me
(34:08 / All) Ashurbanipal: I'm also having fun more importantly
(34:15 / All) Ashurbanipal: This has been a great game!
(35:18 / All) GodsMaverick: I'm going to assault the enemy's supply lines with purple's gyrocopters
(35:38 / All) GodsMaverick: Well, that was a miserable failure
(36:28 / Allies) GodsMaverick: ATTACK
(36:37 / Allies) GodsMaverick: Are you going to let him destroy our bases one by one?
(36:50 / All) Ashurbanipal: oh shit if I have rain of fire mana
(37:43 / All) nahkev: serioulsy wtf
(37:48 / All) Ashurbanipal: What?
(38:07 / Allies) GodsMaverick: You don't need a hero man
(38:12 / Allies) GodsMaverick: He's stealing my thunder
(38:18 / Allies) GodsMaverick: we already have a high level arch mage on this team
(41:04 / All) GodsMaverick: this is a great lumber map
(41:22 / All) Ashurbanipal: It's why I like the map
(41:26 / All) Ashurbanipal: some like market square are lumber starved
(41:54 / All) GodsMaverick: I have 9k lumber and only the one shreddar gathering wood
(42:01 / Allies) GodsMaverick: Need help, man?
(42:33 / Allies) GodsMaverick: need help?
(42:55 / Allies) GodsMaverick: Alright man I'll protect you
(42:59 / Allies) GodsMaverick: we can be roommates
(43:02 / Allies) GodsMaverick: I'm moving in
(43:17 / All) Ashurbanipal: lol
(43:18 / All) GodsMaverick: lol
(43:22 / All) Ashurbanipal: Loses 2 peons at my expo and rages out
(43:27 / All) Ashurbanipal: Which team gets the loss?
(43:29 / All) GodsMaverick: stats these jokes
(43:34 / All) Ashurbanipal: This was a funny game
(43:37 / All) Ashurbanipal: Awful players all around
(43:42 / All) Ashurbanipal: Green is 186-184
(43:46 / All) GodsMaverick: my team only had blue and pink
(43:48 / All) Ashurbanipal: Red is 60-60
(43:59 / All) Ashurbanipal: Teal is 0-0
(44:01 / All) GodsMaverick: purple has dial up, 1-7
(44:06 / All) Ashurbanipal: lol
(44:16 / All) GodsMaverick: I say your team should probably lose
(44:18 / All) GodsMaverick: 3 players